cohdb
Replays
Latest Replays
All Replays
Popular Replays
Top Player Replays
Match Explorer
How It Works
Community
CoH3 Stats
Reddit
Sign in to upload your games and track your stats! →
Sign in with Steam
Match 44845721
Unlisted
Match 44845721
Overview
Messages
Build Orders
End
Royal Engineer Section
Construct Section Command Post
Selects Canadian Shock Battlegroup
Selects Canadian Shock Battlegroup
Dingo Light Scout Car
Vickers Machine Gun Team
ML 3-inch Mortar Team
Selects Attacking Spirit
Construct Platoon Command Post
Selects Incendiary Munitions
Selects Incendiary Munitions
Infantry Section
6-pounder Anti-tank Gun Team
Infantry Section
Construct Company Command Post
Selects Pyrotechnics
Vickers Machine Gun Team
Grenade Package
Selects Canadian Shock Section
Canadian Shock Section
Matilda II Heavy Tank
Selects Churchill Crocodile Heavy Tank
Churchill Crocodile Heavy Tank
Matilda II Heavy Tank
Selects Smoke Operation
Foot Guards Section
Smoke Operation
【POW】够得到的钟摆
TardberryPickles
Stormless
Grunka Lunka
0
0
Comments
sign in to comment!
No comments posted yet!